 Dungeon Crawl Stone Soup version 0.26.0-15-gc6cd9f700b (webtiles) character file.

Game seed: 9427147321108699930

90 trckry the Ruffian (level 4, -4/35 HPs)
             Began as a Draconian Transmuter on Jan 16, 2021.
             Was a Priest of Jiyva.
             Slain by Crazy Yiuf
             ... wielding a +4 quarterstaff of chaos
              (11 damage)
             ... while paralysed by Crazy Yiuf
             ... on level 2 of the Dungeon.
             The game lasted 00:03:20 (2147 turns).

trckry the Ruffian (Draconian Transmuter)           Turns: 2147, Time: 00:03:21

Health: -4/35      AC:  5    Str: 13    XL:     4   Next: 32%
Magic:  5/7        EV:  2    Int: 14    God:    Jiyva [***...]
Gold:   83         SH:  0    Dex: 11    Spells: 6/7 levels left

rFire    . . .     SeeInvis .     - Unarmed
rCold    . . .     Faith    .   (no shield)
rNeg     . . .     Spirit   .   (armour unavailable)
rPois    .         Reflect  .   (helmet currently unavailable)
rElec    .         Harm     .   (no cloak)
rCorr    +         Rampage  .   (no gloves)
Will     .....                  (boots currently unavailable)
Stlth    +.........             (no amulet)
HPRegen  0.11/turn              (no ring)
MPRegen  0.10/turn              (no ring)

@: paralysed, lethally poisoned (-4 -> -20), appendages (expiring), very
slightly contaminated
A: unfitting armour, horns 2, talons 2, pseudopods 1, cold-blooded, AC +5
a: End Transformation, Renounce Religion, Request Jelly


You were on level 2 of the Dungeon.
You worshipped Jiyva.
Jiyva was most pleased with you.
You had grown temporary horns.
You had grown temporary talons.
You visited 1 branch of the dungeon, and saw 2 of its levels.

You collected 83 gold pieces.

Inventory:

Missiles
 a - 13 poisoned darts (quivered)
Jewellery
 c - an uncursed ring of stealth {unknown}
 g - an uncursed ring of flight {unknown}
 l - an uncursed ring of protection from cold {unknown}
Scrolls
 b - 3 scrolls of teleportation {unknown}
 d - 4 scrolls of identify {unknown}
 e - a scroll of noise {unknown}
 f - a scroll of enchant armour {unknown}
 j - a scroll of remove curse {unknown}
Potions
 h - 2 potions of might {unknown}
 i - a potion of lignification {unknown}
 k - a potion of heal wounds {unknown}


   Skills:
 - Level 1.1 Fighting
 - Level 1.7 Dodging
 * Level 4.2 Unarmed Combat
 - Level 2.0 Spellcasting
 * Level 3.5 Transmutations


You had 6 spell levels left.
You knew the following spells:

 Your Spells              Type           Power        Failure   Level
a - Beastly Appendage     Tmut           22%          5%          1

Your spell library contained the following spells:

 Spells                   Type           Power        Failure   Level
 Wereblood                Tmut           11%          9%          2
 Spider Form              Tmut/Pois      3%           34%         3
 Ice Form                 Ice/Tmut       6%           75%         4
 Blade Hands              Tmut           5%           83%         5


Dungeon Overview and Level Annotations

Branches:
Dungeon (2/15)

Altars:
Sif Muna
Jiyva

Annotations:
D:2 Crazy Yiuf


Innate Abilities, Weirdness & Mutations

Your plain brown scales are hard. (AC +5)
You cannot fit into any form of body armour.
You are cold-blooded and may be slowed by cold attacks.
You have a pair of horns on your head.
You have razor-sharp toenails.
Armour fits poorly on your pseudopods.


Message History

Crazy Yiuf whimpers, "Key!"
Casting: Beastly Appendage (safe; 5% risk of failure)
Confirm with . or Enter, or press ? or * to list all spells.
You grow a pair of large bovine horns.
Your feet morph into talons.
Your transformation is almost over.
You open the door. You hit Crazy Yiuf.
You bludgeon Crazy Yiuf, but do no damage.
Crazy Yiuf is moderately wounded.
Crazy Yiuf hits you with a +4 quarterstaff of chaos!
You suddenly lose the ability to move!
Crazy Yiuf hits you with a +4 quarterstaff of chaos!
You are lethally poisoned!
You feel sick.
Crazy Yiuf hits you with a +4 quarterstaff of chaos.
* * * LOW HITPOINT WARNING * * *
* * * LOW HITPOINT WARNING * * *
You feel sick.
Crazy Yiuf hits you with a +4 quarterstaff of chaos!
You die...

#...# #.#J.........#......#
#######.#.......####......#
#......##..............#
#..################....####
#.†# #........ #..#
♣♣♣♣♣##....#### #### ###
♣♣♣.♣...##.###
#...#♣J.♣.......#
#...g@♣♣♣♣......# #)..#♣♣
♣♣..#.## ### ♣♣####


You could see Crazy Yiuf and a neutral jelly (wandering) (fellow slime).

Vanquished Creatures
  Terence (D:2)
  Robin (D:2)
  An adder (D:2)
  A worm (D:2)
  3 bats (D:1)
  2 giant cockroaches (D:1)
  9 goblins
  7 hobgoblins
  4 jackals
  A kobold (D:2)
  2 ball pythons (D:1)
  3 frilled lizards
  8 rats
43 creatures vanquished.

Vanquished Creatures (others)
  An adder (D:2)
  A leopard gecko (D:2)
  9 goblins (D:2)
  2 hobgoblins (D:2)
  A quokka (D:2)
  A kobold (D:2)
15 creatures vanquished.

Grand Total: 58 creatures vanquished

Notes
Turn   | Place    | Note
-------+----------+-------------------------------------------
     0 | D:1      | trckry the Draconian Transmuter began the quest for the
                  | Orb.
     0 | D:1      | Reached XP level 1. HP: 16/16 MP: 3/3
   331 | D:1      | Reached XP level 2. HP: 22/23 MP: 5/5
   954 | D:1      | Reached XP level 3. HP: 16/28 MP: 4/6
  1118 | D:2      | Found a shimmering blue altar of Sif Muna.
  1171 | D:2      | Noticed Terence
  1196 | D:2      | Killed Terence
  1197 | D:2      | Reached skill level 4 in Unarmed Combat
  1539 | D:2      | Found a faded altar of an unknown god.
  1550 | D:2      | Became a worshipper of Jiyva Jelainet the Shapeless
  1550 | D:2      | Reached * piety under Jiyva
  1592 | D:2      | Reached ** piety under Jiyva
  1667 | D:2      | Noticed Robin
  1702 | D:2      | Reached XP level 4. HP: 14/35 MP: 5/7
  1710 | D:2      | Killed Robin
  1711 | D:2      | Reached *** piety under Jiyva
  1909 | D:2      | Gained mutation: Armour fits poorly on your pseudopods.
                  | [Jiyva's grace]
  1925 | D:2      | Found a runed translucent door.
  1926 | D:2      | Noticed Crazy Yiuf
  2144 | D:2      | Paralysed by Crazy Yiuf for 4 turns
  2147 | D:2      | Slain by Crazy Yiuf

Illustrated notes

Levels and vault maps discovered:
D:1:      amcnicky_arrival_wind_blow, layout_loops_ring,
          hangedman_abyss_or_decor_lesser_grid, minmay_tromino_v4_b
D:2:      layout_rooms, lemuel_crystal_altar, chequers_ecumenical_altar_island,
          minmay_misc_feat_room, uniq_robin, uniq_terence,
          uniq_crazy_yiuf_cottage

Skill      XL: |  1  2  3 |
---------------+----------+-----
Unarmed Combat | 4 |  4.2
Transmutations | 3 |  3.5
Fighting       | |  1.1
Dodging        | |  1.7
Spellcasting   | |  2.0

Action                   |  1- 3 |  4- 6 || total
-------------------------+-------+-------++-------
Melee: Unarmed           |   125 |    20 ||   145
       Tailslap          |     9 |       ||     9
       Kick              |     8 |     1 ||     9
       Headbutt          |     5 |       ||     5
       Punch             |     1 |     1 ||     2
       Pseudopods        |       |     2 ||     2
Throw: Dart              |     2 |       ||     2
 Cast: Beastly Appendage |     7 |     1 ||     8
 Stab: Sleeping          |     1 |       ||     1
Armor: Skin              |    60 |     3 ||    63
Dodge: Dodged            |    89 |     8 ||    97
